 Dungeon Crawl Stone Soup version 0.29-a0-378-gc08b2e8bf8 (webtiles) character file.

Game seed: 9756031890228015157

7088 Kenran the Gouger (level 8, -1/41 HPs)
             Began as a Felid Transmuter on May 5, 2022.
             Was a Believer of Ru.
             Killed from afar by an acid dragon (20 damage)
             ... with a splash of acid
             ... on level 11 of the Dungeon.
             The game lasted 00:39:33 (19086 turns).

Kenran the Gouger (Felid Transmuter)               Turns: 19086, Time: 00:39:33

Health: -1/41      AC:  1    Str:  6    XL:     8   Next: 84%
Magic:  1/13       EV: 22    Int: 18    God:    Ru [**....]
Gold:   460        SH:  0    Dex: 19    Spells: 9/13 levels left
                                        Lives:  0   Deaths: 2

rFire   . . .      SeeInvis +     - Unarmed
rCold   . . .      Faith    +   (shield unavailable)
rNeg    . . .      Spirit   .   (body armour unavailable)
rPois   .          Reflect  .   (helmet unavailable)
rElec   .          Harm     .   (cloak unavailable)
rCorr   .          Rampage  .   (gloves unavailable)
Will    ++...                   (boots unavailable)
Stlth   ++++......              p - amulet of faith {!P}
HPRegen 0.13/turn               A - +4 ring of protection
MPRegen 0.13/turn               B - ring of willpower

@: quick
A: very small, claws 1, fangs 3, see invisible, speed 1, shaggy fur 2, reduced
AC 1, inexperienced 1, stealthy paws, no weapons or thrown items, no armour,
multi-lived, agile 1, robust 1
a: Renounce Religion


You were on level 11 of the Dungeon.
You worshipped Ru.
Ru was pleased with you.
You visited 3 branches of the dungeon, and saw 13 of its levels.

You collected 711 gold pieces.
You spent 251 gold pieces at shops.

Inventory:

Jewellery
 b - a ring of flight
 p - an amulet of faith (around neck) {!P}
 A - a +4 ring of protection (left paw)
 B - a ring of willpower (right paw)
 I - a +4 ring of evasion
Wands
 s - a wand of flame (1)
 D - a wand of digging (5)
 L - a wand of mindburst (4)
Scrolls
 a - 2 scrolls of fear {unknown}
 c - a scroll of enchant armour {unknown}
 d - 2 scrolls of summoning
 f - 9 scrolls of teleportation
 g - 4 scrolls of noise {unknown}
 h - 3 scrolls of immolation {!r}
 j - 4 scrolls of blinking
 q - a scroll of poison {unknown}
 t - 3 scrolls of identify {@r1}
 w - a scroll of torment {unknown}
 x - a scroll of fog {unknown}
 y - a scroll of amnesia
 z - a scroll of vulnerability {unknown}
 C - 5 scrolls of silence {unknown}
 E - a scroll of magic mapping {unknown}
 G - a scroll of acquirement {unknown}
Potions
 e - 5 potions of flight
 i - 3 potions of mutation {!q}
 k - 2 potions of magic {unknown}
 l - a potion of cancellation {unknown}
 m - 2 potions of berserk rage {unknown}
 n - 4 potions of haste
 o - 5 potions of brilliance {unknown}
 r - a potion of attraction {unknown}
 u - 3 potions of invisibility
 v - a potion of resistance {unknown}
 F - 2 potions of degeneration {unknown}
 H - 4 potions of curing {@q1}
 K - a potion of heal wounds {@q2}
 M - a potion of might
Miscellaneous
 J - a phial of floods


   Skills:
 + Level 6.0 Fighting
 - Level 7.0 Dodging
 - Level 8.0 Stealth
 - Level 10.0 Unarmed Combat
 - Level 3.0 Spellcasting
 - Level 6.0 Conjurations
 - Level 2.1 Transmutations
 - Level 6.0 Earth Magic
 - Level 6.5 Evocations


You had 9 spell levels left.
You knew the following spells:

 Your Spells              Type           Power      Damage    Failure   Level
a - Beastly Appendage     Tmut           20%        N/A       7%          1
b - Stone Arrow           Conj/Erth      48%        3d10      4%          3

Your spell library contained the following spells:

 Spells                   Type           Power      Damage    Failure   Level
 Magic Dart               Conj           96%        1d7       1%          1
 Passwall                 Tmut/Erth      14%        N/A       4%          2
 Wereblood                Tmut           10%        N/A       10%         2
 Dazzling Flash           Conj/Hex       26%        N/A       14%         3
 Mephitic Cloud           Conj/Pois/Air  9%         N/A       22%         3
 Call Imp                 Summ           2%         N/A       24%         2
 Ensorcelled Hibernation  Hex/Ice        4%         N/A       24%         2
 Spider Form              Tmut/Pois      6%         N/A       30%         3
 Swiftness                Air            2%         N/A       43%         3
 Ice Form                 Ice/Tmut       6%         N/A       71%         4
 Borgnjor's Vile Clutch   Necr/Erth      6%         N/A       78%         5
 Animate Dead             Necr           1%         N/A       85%         4
 Agony                    Necr           2%         N/A       99%         5
 Silence                  Hex/Air        1%         N/A       99%         5
 Death Channel            Necr           1%         N/A       100%        6
 Lehudib's Crystal Spear  Conj/Erth      12%        10d4      100%        8
 Animate Armour           Summ/Erth      Unusable   N/A       N/A         4

Dungeon Overview and Level Annotations

Branches:
Dungeon (11/15)            Temple (1/1) D:5            Lair (1/6) D:8
    Orc: D:9-12

Altars:
Ashenzari
Cheibriados
Dithmenos
Elyvilon
Fedhas
Gozag
Hepliaklqana
Kikubaaqudgha
Makhleb
Nemelex Xobeh
Okawaru
Qazlal
Ru
Sif Muna
Trog
Uskayaw
Vehumet
Wu Jian
Xom
Yredelemnul
Zin
The Shining One

Shops:
D:9 *

Annotations:
D:3 exclusion: downstairs
D:4 2 transporters, exclusion: phantom, Eustachio; Necrophagist's ghost, amateur OpTm
D:8 1 runed translucent door, bgiannan's ghost, novice MiBe
D:9 exclusion: kobold demonologist
D:10 Snorg
D:11 exclusions: hydra and two-headed ogre


Innate Abilities, Weirdness & Mutations

You have sharp claws.
You have razor-sharp teeth.
You have supernaturally acute eyesight. (SInv)
You cover ground quickly. (Speed+)
You are covered in thick fur. (AC +2)
You take slightly more damage. (AC -5)
You are somewhat inexperienced. (-2 XL)
Your paws help you pounce on unaware monsters.
You are incapable of wielding weapons or throwing items.
You cannot wear armour.
You gain extra lives every three experience levels.
You are agile. (Dex +2)
You are robust. (+10% HP)


Message History

Aim: a komodo dragon (moderately wounded, 79% to hit)
The stone arrow hits the komodo dragon.
The komodo dragon is heavily wounded.
The komodo dragon bites you!!
Ouch! That really hurt!
You focus your inner power and illuminate the komodo dragon in retribution!
Casting: Stone Arrow (dangerous; 4% risk of failure)
Confirm with . or Enter, or press ? or * to list all spells.
You don't know that spell.
The komodo dragon hisses menacingly.
The komodo dragon stops glowing.
An acid dragon comes into view.
The acid dragon begins to attack, but is stunned by your conviction!
The komodo dragon hisses menacingly.
Your magical contamination has completely faded away.
Casting: Stone Arrow (dangerous; 4% risk of failure)
Confirm with . or Enter, or press ? or * to list all spells.
You can't see any susceptible monsters within range! (Use Z to cast anyway.)
Casting: Stone Arrow (dangerous; 4% risk of failure)
Confirm with . or Enter, or press ? or * to list all spells.
Aiming: Stone Arrow (dangerous; 4% risk of failure)
Press: ? - help, Shift-Dir - straight line, f/p - komodo dragon
Aim: a komodo dragon (heavily wounded, 79% to hit)
The stone arrow hits the komodo dragon!
The komodo dragon is severely wounded.
Casting: Stone Arrow (dangerous; 4% risk of failure)
Confirm with . or Enter, or press ? or * to list all spells.
Aiming: Stone Arrow (dangerous; 4% risk of failure)
Press: ? - help, Shift-Dir - straight line, f/p - komodo dragon
Aim: a komodo dragon (severely wounded, 79% to hit)
The stone arrow hits the komodo dragon!!
You kill the komodo dragon!
Training target 8.0 for Stealth reached!
Training target 7.0 for Dodging reached!
Your Dodging skill increases to level 7!
Your Stealth skill increases to level 8!
You need to enable at least one skill for training.
The acid dragon spits acid at you. The splash of acid hits you!!
You die...

#####################.####.......
#########..........O..
#.........#..##.....T. ####
###.##########.#........
...#######...#######......#
##.........#...(.....#.#..#
..........D.†........._..##
#.#.D.######.........#.#..#####
..D.............@.............#
.######.....###########..####.#
.# #####...### #.## #.# ##
###...### #..# #.# #
###...######.# #(# . ###....#
#.####.# ## ##..## #.##...# #[.##
#....### ###### ###.## ###..#


You could see an acid dragon (catching breath).

Vanquished Creatures
  A two-headed ogre (D:10)
  A cane toad (Lair:1)
  A komodo dragon (D:11)
  2 trolls
  Grinder (D:6)
  Sigmund (D:4)
  A vampire (D:10)
  A wraith (D:9)
  15 yaks
  2 wyverns
  A basilisk (D:11)
  A steam dragon (D:7)
  Menkaure (D:5)
  An acid dragon (D:10)
  2 water moccasins
  2 sky beasts (D:7)
  3 ice beasts (D:6)
  An orc warrior (D:9)
  A black bear (D:6)
  2 ogres (D:4)
  A centaur (D:7)
  3 wolves
  2 bullfrogs
  5 kobold brigands
  2 necrophages (D:6)
  3 scorpions
  5 wights
  6 killer bees (D:9)
  3 electric eels (D:8)
  3 howler monkeys
  2 lava snakes (D:10)
  7 hounds
  A gnoll shaman (D:7)
  7 orc priests
  3 jellies
  7 iguanas
  11 orc wizards
  12 gnolls
  10 adders
  2 ufetubi
  3 dart slugs
  18 orcs
  11 endoplasms
  2 giant cockroaches
  9 goblins
  8 hobgoblins
  7 jackals
  27 kobolds
  4 quokkas
  11 ball pythons
  4 bats
  4 frilled lizards
  6 rats
250 creatures vanquished.

Vanquished Creatures (others)
  A steam dragon (D:8)
  A fungus (Lair:1)
  2 plants
4 creatures vanquished.

Grand Total: 254 creatures vanquished

Notes
Turn   | Place    | Note
-------+----------+-------------------------------------------
     0 | D:1      | Kenran the Felid Transmuter began the quest for the Orb.
     0 | D:1      | Reached XP level 1. HP: 9/9 MP: 4/4
   302 | D:1      | Reached skill level 1 in Stealth
   346 | D:1      | Reached XP level 2. HP: 9/12 MP: 4/6
  1238 | D:1      | Reached XP level 3. HP: 15/15 MP: 7/7
  1740 | D:2      | Reached skill level 4 in Unarmed Combat
  2258 | D:2      | Reached XP level 4. HP: 19/19 MP: 6/8
  2413 | D:2      | Found a faded altar of an unknown god.
  2952 | D:2      | Reached skill level 5 in Unarmed Combat
  3474 | D:3      | Reached XP level 5. HP: 22/22 MP: 9/9
  3501 | D:3      | Learned a level 3 spell: Stone Arrow
  4101 | D:4      | Noticed a phantom
  4231 | D:4      | Noticed Sigmund
  4236 | D:4      | Noticed an ogre
  4244 | D:4      | Noticed Necrophagist's ghost (amateur OpTm)
  4279 | D:4      | Killed an ogre
  4280 | D:4      | Reached skill level 1 in Conjurations
  4280 | D:4      | Reached skill level 1 in Earth Magic
  4449 | D:4      | Found a transporter.
  4524 | D:4      | Found a transporter.
  4537 | D:4      | Gained mutation: You are covered in thick fur. (AC +2)
                  | [Felid growth]
  4537 | D:4      | Reached XP level 6. HP: 21/26 MP: 8/10
  4589 | D:4      | Noticed Eustachio
  4604 | D:4      | HP: 1/26 [Eustachio/+0 falchion (4)]
  4604 | D:4      | Slain by a river rat
  4605 | D:4      | Reached XP level 5. HP: 0/22 MP: 7/9
  4641 | D:4      | Killed Sigmund
  4642 | D:4      | Reached XP level 6. HP: 24/26 MP: 9/11
  5275 | D:5      | Entered Level 5 of the Dungeon
  5278 | D:5      | Noticed Menkaure
  5299 | D:5      | Reached skill level 5 in Stealth
  5428 | D:4      | Reached XP level 7. HP: 28/30 MP: 12/12
  6244 | D:5      | Found a staircase to the Ecumenical Temple.
  6461 | Temple   | Entered the Ecumenical Temple
  6685 | Temple   | Became a worshipper of Ru the Awakened
  6801 | D:5      | Killed Menkaure
  6858 | D:5      | Reached XP level 8. HP: 34/34 MP: 6/13
  7114 | D:5      | Found an ancient bone altar of Kikubaaqudgha.
  7408 | D:6      | Gained mutation: You are frail. (-10% HP) [potion of
                  | mutation]
  7408 | D:6      | Gained mutation: You are weak. (Str -2) [potion of
                  | mutation]
  7408 | D:6      | Gained mutation: Your mind is acute. (Int +2) [potion of
                  | mutation]
  7651 | D:5      | Reached skill level 6 in Unarmed Combat
  8194 | D:6      | Reached skill level 5 in Conjurations
  8388 | D:6      | Reached skill level 5 in Dodging
  8727 | D:6      | Noticed Grinder
  8829 | D:6      | Reached skill level 5 in Earth Magic
  9335 | D:6      | Reached XP level 9. HP: 25/33 MP: 14/14
  9505 | D:6      | Gained mutation: You are somewhat inexperienced. (-2 XL)
                  | [Ru sacrifice]
  9505 | D:6      | Reached XP level 8. HP: 28/30 MP: 13/13
  9505 | D:6      | Reached XP level 7. HP: 27/27 MP: 12/12
  9505 | D:6      | Reached * piety under Ru
  9519 | D:6      | Lost mutation: You are frail. (-10% HP) [potion of
                  | mutation]
  9519 | D:6      | Lost mutation: You are weak. (Str -2) [potion of mutation]
  9519 | D:6      | Lost mutation: Your mind is acute. (Int +2) [potion of
                  | mutation]
  9519 | D:6      | Gained mutation: You are agile. (Dex +2) [potion of
                  | mutation]
  9519 | D:6      | Gained mutation: You are robust. (+10% HP) [potion of
                  | mutation]
  9719 | D:6      | Killed Grinder
  9931 | D:7      | Reached skill level 7 in Unarmed Combat
 10551 | D:7      | You fall into a shaft and drop 1 floor!
 10608 | D:8      | Noticed a troll
 11432 | D:7      | Reached skill level 8 in Unarmed Combat
 11453 | D:7      | Gained mutation: You take slightly more damage. (AC -5) [Ru
                  | sacrifice]
 11453 | D:7      | Reached ** piety under Ru
 11698 | D:8      | Reached skill level 1 in Evocations
 11809 | D:8      | Noticed bgiannan's ghost (novice MiBe)
 11813 | D:8      | Found a runed translucent door.
 11963 | D:8      | Found a staircase to the Lair.
 12354 | D:8      | Killed a troll
 12508 | D:8      | Reached XP level 8. HP: 25/39 MP: 6/13
 12681 | D:9      | Found Nighub's Assorted Antiques.
 12869 | D:9      | Bought a coppery potion for 33 gold pieces
 12869 | D:9      | Bought a silvery potion for 33 gold pieces
 12869 | D:9      | Bought a silver ring for 185 gold pieces
 13071 | D:9      | Slain by a wraith
 13072 | D:9      | Reached XP level 7. HP: -1/35 MP: 3/12
 13129 | D:9      | Reached skill level 5 in Evocations
 14475 | D:9      | Noticed a kobold demonologist
 14534 | D:10     | Entered Level 10 of the Dungeon
 14756 | D:10     | Noticed Snorg
 15119 | D:10     | Reached XP level 8. HP: 27/39 MP: 9/13
 15238 | D:10     | Reached skill level 5 in Fighting
 15723 | D:10     | Reached skill level 9 in Unarmed Combat
 17497 | D:11     | Noticed a six-headed hydra
 17497 | D:11     | Noticed a two-headed ogre
 17582 | D:10     | Killed a two-headed ogre
 17583 | D:10     | Reached skill level 10 in Unarmed Combat
 18145 | Lair:1   | Entered Level 1 of the Lair of Beasts
 18149 | Lair:1   | Noticed a cane toad
 18156 | Lair:1   | Killed a cane toad
 18251 | Lair:1   | Noticed a five-headed hydra
 18770 | D:11     | Noticed an eight-headed hydra
 18810 | D:11     | Found an iron altar of Okawaru.
 18821 | D:11     | Noticed a two-headed ogre
 19086 | D:11     | Killed from afar by an acid dragon

Illustrated notes

Levels and vault maps discovered:
D:1:      elethiomel_arrival_quiet, layout_loops_corners, glass_columns_a
D:2:      layout_loops_cross, ebering_ecumenical_altar_petrified
D:3:      layout_basic
D:4:      minmay_octagon_keep, layout_loops_cross, gammafunk_ghost_stat_death,
          minmay_manual_mess, uniq_sigmund, uniq_eustachio
D:5:      layout_rooms, lemuel_doored_altar, minmay_temple_entry_junction,
          minivault_25, st_stairs_2, uniq_menkaure
D:6:      layout_loops_ring, serial_glass, glass_columns_a, glass_columns_b,
          uniq_grinder
D:7:      layout_basic
D:8:      layout_basic, erik_lair_island, hellmonk_ghost_big_iron
D:9:      layout_rooms, enter_bailey_2, serial_shops, shop_coins
D:10:     layout_long_grid, chequers_serial_rivers_micro_a,
          kennysheep_cluttered_room, uniq_snorg
D:11:     layout_rooms, gauntlet_entry_generic, minmay_tree_intersection,
          okawaru_metal_pillars_1_2, uniq_urug
Temple:   mainiacjoe_temple_archimedes_tessellation
Lair:1:   layout_regular_city, minivault_24

Skill      XL: |  1  2  3  4  5  6  7  8 |
---------------+-------------------------+-----
Stealth        | 1 2 3 5 7 8 |  8.0
Dodging        | 3 4 6 7 |  7.0
Unarmed Combat | 4 5 8 10 | 10.0
Fighting       | 2 4 6 |  6.0
Conjurations   | 2 6 5 |  6.0
Earth Magic    | 2 4 6 |  6.0
Spellcasting   | 3 |  3.0
Evocations     | 6 4 |  6.5
Transmutations | |  2.1

Action                   |  1- 3 |  4- 6 |  7- 9 || total
-------------------------+-------+-------+-------++-------
Melee: Unarmed           |   104 |   129 |   521 ||   754
       Headbutt          |     8 |    10 |    30 ||    48
       Punch             |     3 |     7 |    25 ||    35
       Bite              |     4 |     7 |    53 ||    64
 Cast: Beastly Appendage |    12 |    16 |    20 ||    48
       Stone Arrow       |       |       |   138 ||   138
Invok: Sacrifice Health  |       |       |     1 ||     1
       Sacrifice Experie |       |       |     1 ||     1
       Reject Sacrifices |       |       |     1 ||     1
Evoke: Wand              |       |       |     5 ||     5
  Use: Scroll            |     4 |     2 |     3 ||     9
       Potion            |       |     1 |     8 ||     9
 Stab: Sleeping          |     3 |     6 |    14 ||    23
       Invisible         |       |       |     1 ||     1
       Distracted        |       |       |     1 ||     1
Armor: Skin              |     4 |     8 |    53 ||    65
Dodge: Dodged            |    69 |   113 |   399 ||   581

Table legend: (Time is in decaauts)
 A = Elapsed time spent in this place.
 B = Non-inter-level travel time spent in this place.
 C = Inter-level travel time spent in this place.
 D = Time resting spent in this place.
 E = Time spent auto-exploring this place.
 F = Levels seen in this place.
 G = Mean time per level.
                   A        B        C        D        E       F      G
               +--------+--------+--------+--------+--------+-----+--------+
         Total |  17191 |  16632 |    559 |   7726 |   5954 |  13 | 1322.4 |
       Dungeon |  16846 |  16346 |    500 |   7643 |   5809 |  11 | 1531.5 |
        Temple |    222 |    164 |     58 |      0 |    144 |   1 |  222.0 |
          Lair |    122 |    122 |      0 |     83 |      0 |   1 |  122.0 |
               +--------+--------+--------+--------+--------+-----+--------+

Top non-repeatable levels by time:
    D:10: 3234 daAuts
     D:6: 1928 daAuts
     D:8: 1923 daAuts
     D:5: 1779 daAuts
     D:1: 1561 daAuts
     D:7: 1478 daAuts
     D:4: 1409 daAuts
     D:3: 1175 daAuts
     D:9: 1169 daAuts
     D:2: 896 daAuts
    D:11: 290 daAuts
  Temple: 222 daAuts
  Lair:1: 122 daAuts
